 Dungeon Crawl Stone Soup version 0.30.1-4-g462c640d31 (console) character file.

Game seed: 8230695978613297375

29320 shmup the Transmogrifier (level 13, 0/108 HPs)
             Began as a Yellow Draconian Transmuter on Aug 29, 2023.
             Was a High Priest of Nemelex Xobeh.
             Slain by an orc warlord
             ... wielding a +0 great sword
              (5 damage)
             ... on level 12 of the Dungeon on Aug 30, 2023.
             The game lasted 01:50:38 (26341 turns).

shmup the Transmogrifier (DrTm)                    Turns: 26341, Time: 01:50:39

Health: 0/108      AC:  8    Str: 14    XL:     13   Next: 14%
Magic:  0/19       EV: 21    Int: 17    God:    Nemelex Xobeh [*****.]
Gold:   517        SH:  0    Dex: 24    Spells: 3/20 levels left

rFire   . .          .
                       - Unarmed
rCold   . . .        (shield currently unavailable)
rNeg    . . .        (body armour unavailable)
rPois   .            (helmet restricted)
rElec   .            O - scarf {shadows}
rCorr   +            o - melded +1 pair of gloves
SInv    .            (no boots)
Will    .....        E - amulet of guardian spirit
Stlth   ++           C - +6 ring of dexterity
HPRegen 0.38/turn    T - +6 ring of dexterity
MPRegen 0.16/turn

%: guardian spirit
@: blade hands (expiring)
A: spit acid, AC +8, unfitting armour, cold-blooded, acid resistance
a: Breathe Acid, End Transformation, Renounce Religion, Draw Escape, Draw
Destruction, Draw Summoning, Triple Draw, Deal Four, Stack Five


You were on level 12 of the Dungeon.
You worshipped Nemelex Xobeh.
Nemelex Xobeh was extremely pleased with you.
You had blades for hands.
You visited 4 branches of the dungeon, and saw 17 of its levels.

You collected 1039 gold pieces.
You spent 522 gold pieces at shops.

Inventory:

Hand Weapons
 I - a +7 war axe of freezing
 U - the +0 mace of Efep {holy, Will+ Str-3 Dex+4}
   (You found it on level 12 of the Dungeon)

   Str:       It affects your strength (-3).
   Dex:       It affects your dexterity (+4).
   Will:      It increases your willpower.
Missiles
 d - 67 stones (quivered)
 r - a silver boomerang
 z - 3 throwing nets
 A - 2 boomerangs
 J - 34 poisoned darts
 K - 6 curare-tipped darts
 P - 5 boomerangs of dispersal
Armour
 o - a +1 pair of gloves (melded)
 D - a +1 pair of gloves
 O - a scarf of shadows (worn)
Jewellery
 b - a ring of protection from cold
 c - a +6 ring of dexterity
 s - a ring of see invisible
 y - a +5 ring of evasion
 C - a +6 ring of dexterity (left blade hand)
 E - an amulet of guardian spirit (around neck)
 G - a ring of poison resistance
 S - a ring of willpower
 T - a +6 ring of dexterity (right blade hand)
Wands
 k - a wand of paralysis (8)
 p - a wand of acid (10)
 t - a wand of polymorph (16)
 w - a wand of roots (38)
 B - a wand of flame (27)
Scrolls
 e - 2 scrolls of identify
 f - 5 scrolls of amnesia
 n - 2 scrolls of fog
 v - 3 scrolls of teleportation
 F - 2 scrolls of immolation
 L - a scroll of poison
 M - 3 scrolls of blinking
 Q - 3 scrolls of fear
Potions
 a - 2 potions of lignification
 g - 7 potions of flight
 h - 5 potions of brilliance
 i - 4 potions of curing
 j - 4 potions of magic
 l - 2 potions of heal wounds
 m - 3 potions of resistance
 q - a potion of invisibility {unknown}
 u - a potion of might {unknown}
 x - a potion of cancellation
 H - a potion of ambrosia {unknown}
 R - 2 potions of haste
Miscellaneous
 N - a piece from Xom's chessboard (15/15)


   Skills:
 + Level 8.5 Fighting
 * Level 10.2 Dodging
 - Level 11.8 Unarmed Combat
 - Level 4.0 Spellcasting
 - Level 13.7 Transmutations
 - Level 3.0 Ice Magic


You had 3 spell levels left.
You knew the following spells:

 Your Spells              Type           Power      Damage    Failure   Level
a - Blade Hands           Tmut           24%        N/A       19%         5
b - Wereblood             Tmut           49%        N/A       7%          2
c - Beastly Appendage     Tmut           98%        N/A       6%          1
d - Ice Form              Ice/Tmut       31%        N/A       32%         4
e - Passwall              Tmut/Erth      21%        N/A       17%         2
f - Spider Form           Tmut/Pois      26%        N/A       24%         3

Your spell library contained the following spells:

 Spells                   Type           Power      Damage    Failure   Level
 Ensorcelled Hibernation  Hex/Ice        16%        N/A       52%         2
 Foxfire                  Conj/Fire      12%        2x1d4     56%         1
 Magic Dart               Conj           12%        1d3       56%         1
 Necrotise                Necr           12%        1d4       56%         1
 Sandblast                Erth           6%         2d5       56%         1
 Call Imp                 Summ           6%         N/A       67%         2
 Lesser Beckoning         Tloc           6%         N/A       67%         2
 Poisonous Vapours        Pois/Air       6%         N/A       67%         2
 Gell's Gravitas          Tloc           3%         N/A       83%         3
 Mephitic Cloud           Conj/Pois/Air  3%         N/A       83%         3
 Stone Arrow              Conj/Erth      6%         3d7       83%         3
 Summon Guardian Golem    Hex/Summ       3%         N/A       83%         3
 Teleport Other           Tloc           3%         N/A       83%         3
 Vampiric Draining        Necr           3%         2d6       83%         3
 Volatile Blastmotes      Fire/Tloc      6%         2d10      83%         3
 Anguish                  Hex/Necr       1%         N/A       98%         4
 Fulminant Prism          Conj/Hex       1%         3d5       98%         4
 Iskenderun's Mystic Bla  Conj/Tloc      3%         2d3       98%         4
 Agony                    Necr           3%         N/A       100%        5
 Fireball                 Conj/Fire      1%         3d3       100%        5
 Freezing Cloud           Conj/Ice/Air   3%         6-21      100%        5
 Lee's Rapid Deconstruct  Erth           1%         3d4*      100%        5
 Iron Shot                Conj/Erth      1%         9d1       100%        6
 Plasma Beam              Fire/Air       1%         2x1d12    100%        6
 Starburst                Conj/Fire      1%         6d3       100%        6
 Orb of Destruction       Conj           1%         9d5       100%        7
 Spellforged Servitor     Conj/Summ      1%         N/A       100%        7
 Animate Armour           Summ/Erth      Unusable   N/A       N/A         4

Dungeon Overview and Level Annotations

Branches:
Dungeon (12/15) Zot: 24705  Temple (1/1) D:7 Zot: 5712    Lair (3/5) D:10 Zot: 12805
 Shoals (0/4) Lair:3       Spider (0/4) Lair:2          Orc (1/2) D:12 Zot: 5982

Altars:
Ashenzari
Cheibriados
Dithmenos
Elyvilon
Fedhas
Gozag
Hepliaklqana
Kikubaaqudgha
Makhleb
Nemelex Xobeh
Okawaru
Qazlal
Ru
Sif Muna
Trog
Uskayaw
Vehumet
Wu Jian
Xom
Yredelemnul
Zin
The Shining One

Shops:
D:1 =   D:2 :   D:5 *   D:11 *

Annotations:
D:3 exclusion: downstairs
D:4 exclusion: downstairs
D:5 exclusion: 2 downstairs
D:6 exclusion: downstairs
D:7 exclusion: 2 downstairs
D:8 1 runed translucent door, exclusion: downstairs
D:9 exclusion: downstairs
Lair:1 exclusion: downstairs


Innate Abilities, Weirdness & Mutations

You have blades for hands.
Your spellcasting is less reliable in this form.
You are incapable of wielding weapons or throwing items.
You can spit globs of acid.
Your golden yellow scales are hard. (AC +8)
You cannot fit into any form of body armour.
You are cold-blooded and may be slowed by cold attacks.
You are resistant to acid. (rCorr)


Message History

You draw a card...
You have drawn the Swarm.
The orc completely misses you. The orc barely misses you.
The orc closely misses you.
The orc warlord hits you with a +0 great sword!!!
* * * LOW HITPOINT WARNING * * *
The orc priest misses you. The troll closely misses you. The troll misses you.
The troll barely misses you.
You draw a card...
You have drawn the Storm.
A fierce wind blows from the card.
Your killer bee is knocked back by the gust of wind.
Your killer bee slams into the rock wall!
Your killer bee is heavily wounded.
Your killer bee is knocked back by the gust of wind. x2
Your killer bee slams into the rock wall!
Your killer bee is moderately wounded.
The orc is knocked back by the gust of wind.
The orc priest is knocked back by the gust of wind.
The orc is knocked back by the gust of wind.
The orc slams into the rock wall!
You kill the orc!
The orc warlord is knocked back by the gust of wind.
The orc warlord collides with your killer bee!
Your killer bee is severely wounded.
The orc is knocked back by the gust of wind.
The electrical discharge engulfs your killer bee!
Your killer bee is almost dead.
The electrical discharge engulfs the orc!
You kill the orc!
The electrical discharge engulfs the orc!!
You kill the orc!
The electrical discharge engulfs your killer bee!
You kill your killer bee!
Your killer bee's corpse disappears in a puff of smoke!
The electrical discharge engulfs the orc priest!
You kill the orc priest!
You hear mighty peals of thunder!
Your killer bee disappears in a puff of smoke! x2
The troll barely misses you. x2; The troll claws you.
* * * LOW HITPOINT WARNING * * *
The orc warlord hits you with a +0 great sword.
You die...
Your body glows slightly and disappears.

...▒.▒▒ ▒▒...▒▒▒.▒▒ ......▒
▒▒.....▒...▒ ......▒▒▒....▒.....▒
=.......▒▒.▒▒...0.▒▒
...........▒.......▒
................)..▒▒▒
.>...▒▒▒▒............▒
▒▒▒▒..▒..▒..▒▒▒T.[..▒▒ ▒
▒........▒▒0od▒▒▒▒ ▒
▒▒▒...▒.▒▒▒..[)0▒ ▒▒▒▒▒
▒▒▒▒▒...▒▒..▒....▒▒▒▒▒▒▒▒▒^▒.▒▒▒
...▒....▒▒...)..).....▒........▒
.......▒▒▒▒▒▒...............▒..▒
....▒▒................▒▒...▒▒..▒
....▒...............▒▒▒......).▒
........▒.▒...................▒▒▒
▒▒....▒.....▒.....▒▒............▒


You could see an orc warlord and a troll.

Vanquished Creatures
  Kirke (Lair:3)
  Erica (D:11)
  2 two-headed ogres
  Sonja (D:11)
  An ugly thing (D:11)
  A cyclops (D:11)
  Maurice (D:7)
  A black mamba (Lair:1)
  3 merfolk sirens (Lair:3)
  7 cane toads
  Psyche (D:7)
  An unseen horror (D:10)
  2 komodo dragons
  A merfolk (Lair:3)
  The ghost of wingedge the Poker, an amateur DgWn (D:4)
  5 trolls
  10 blink frogs
  A jumping spider (Lair:2)
  A shadow (D:12)
  2 wyverns (D:10)
  A vampire (D:12)
  2 culicivoras (Lair:2)
  A wraith (D:11)
  38 yaks
  6 hogs (Lair:3)
  2 basilisks
  7 vampire mosquitoes
  3 redbacks (Lair:2)
  3 acid dragons
  13 water moccasins
  A sky beast (D:6)
  5 ice beasts
  5 orc warriors
  4 black bears
  3 ogres
  4 centaurs
  12 wolves
  A phantom (D:4)
  2 kobold brigands (D:11)
  6 bullfrogs
  3 gnoll sergeants
  2 scorpions
  8 wights
  16 killer bees
  2 electric eels (Lair:2)
  6 howler monkeys
  A jelly (D:7)
  5 orc priests
  A gnoll bouda (D:6)
  2 hounds
  Terence (D:2)
  2 iguanas
  9 orc wizards
  A sleepcap (D:7)
  8 adders
  22 gnolls
  A shadow imp (D:7)
  A white imp (D:5)
  An ufetubus (D:5)
  3 worms
  2 dart slugs (D:1)
  34 orcs
  4 endoplasms
  4 giant cockroaches
  15 goblins
  8 hobgoblins
  9 jackals (D:1)
  3 quokkas
  4 ball pythons
  4 bats
  A frilled lizard (D:3)
  13 kobolds
  7 rats
366 creatures vanquished.

Vanquished Creatures (collateral kills)
  A komodo dragon (Lair:3)
  A blink frog (Lair:1)
  A killer bee (D:8)
3 creatures vanquished.

Vanquished Creatures (others)
  A human (Lair:3)
1 creature vanquished.

Grand Total: 370 creatures vanquished

Notes
Turn   | Place    | Note
-------+----------+-------------------------------------------
     0 | D:1      | shmup the Draconian Transmuter began the quest for the Orb.
     0 | D:1      | Reached XP level 1. HP: 16/16 MP: 3/3
   381 | D:1      | Found Keviacw's Jewellery Shoppe.
   403 | D:1      | Reached XP level 2. HP: 20/23 MP: 5/5
   800 | D:1      | Reached XP level 3. HP: 25/28 MP: 4/6
   816 | D:1      | Reached skill level 3 in Transmutations
  1289 | D:2      | Found a faded altar of an unknown god.
  1289 | D:2      | Noticed a shining eye
  1321 | D:2      | Noticed a shining eye
  1408 | D:2      | Noticed a shining eye
  1411 | D:2      | Noticed an eye of devastation
  1574 | D:2      | Noticed Terence
  1614 | D:2      | Found Feon's Book Emporium.
  1622 | D:2      | Reached XP level 4. HP: 29/35 MP: 5/7
  1678 | D:2      | Learned a level 2 spell: Wereblood
  2219 | D:2      | Killed Terence
  2220 | D:2      | Reached skill level 4 in Transmutations
  2220 | D:2      | Reached XP level 5. HP: 36/40 MP: 8/8
  4114 | D:4      | Found a basalt altar of Yredelemnul.
  4244 | D:4      | Noticed an ogre
  4305 | D:4      | Found a sparkling altar of Nemelex Xobeh.
  4574 | D:4      | Found a runed translucent door.
  4575 | D:4      | Noticed wingedge's ghost (amateur DgWn)
  5454 | D:4      | Became a worshipper of Nemelex Xobeh the Trickster
  5703 | D:5      | Entered Level 5 of the Dungeon
  5745 | D:5      | Noticed a phantom
  5829 | D:5      | Found Xoenyish's CLEARANCE SALE!.
  5842 | D:5      | Bought a ring of see invisible for 90 gold pieces
  5935 | D:5      | Noticed an ogre
  5935 | D:5      | Noticed an ice beast
  6003 | D:4      | Killed a phantom
  6004 | D:4      | Reached skill level 5 in Unarmed Combat
  6004 | D:4      | Reached skill level 5 in Transmutations
  6004 | D:4      | Reached XP level 6. HP: 36/47 MP: 9/9
  6699 | D:5      | Killed an ice beast
  6950 | D:5      | Reached skill level 6 in Transmutations
  6950 | D:5      | Your scales start taking on a golden yellow colour.
  6950 | D:5      | Reached XP level 7. HP: 45/52 MP: 10/10
  6950 | D:5      | Gained mutation: You are resistant to acid. (rCorr) [Yellow
                  | Draconian growth]
  6983 | D:5      | Reached * piety under Nemelex Xobeh
  7861 | D:6      | Found a broken altar of Ashenzari.
  8352 | D:6      | Received a gift from Nemelex Xobeh
  8428 | D:6      | Reached XP level 8. HP: 63/63 MP: 9/11
  8980 | D:7      | Found a staircase to the Ecumenical Temple.
  9042 | Temple   | Entered the Ecumenical Temple
  9129 | Temple   | Reached skill level 5 in Dodging
  9737 | D:7      | Reached skill level 5 in Fighting
 10173 | D:8      | Reached ** piety under Nemelex Xobeh
 10173 | D:8      | Received a gift from Nemelex Xobeh
 10293 | D:8      | Noticed Maurice
 10341 | D:7      | Reached XP level 9. HP: 49/73 MP: 12/12
 10783 | D:7      | Killed Maurice
 11060 | D:8      | Noticed Psyche
 11155 | D:8      | Found a glowing silver altar of Zin.
 11729 | D:7      | Killed Psyche
 12203 | D:8      | Noticed a cyclops
 12203 | D:8      | Noticed a rakshasa
 12203 | D:8      | Noticed a four-headed hydra
 12211 | D:8      | Noticed a deep elf pyromancer
 12211 | D:8      | Noticed a five-headed hydra
 12212 | D:8      | Noticed an efreet
 12212 | D:8      | Found a runed translucent door.
 12214 | D:8      | Noticed a boulder beetle
 12214 | D:8      | Noticed a cyclops
 12269 | D:8      | Reached skill level 7 in Transmutations
 12470 | D:9      | Found a snail-covered altar of Cheibriados.
 12875 | D:9      | Reached XP level 10. HP: 83/84 MP: 13/13
 13306 | D:9      | Reached *** piety under Nemelex Xobeh
 14063 | D:9      | Reached skill level 8 in Transmutations
 14254 | D:9      | Learned a level 3 spell: Spider Form
 14284 | D:10     | Entered Level 10 of the Dungeon
 14453 | D:10     | Noticed a two-headed ogre
 14512 | D:10     | Found a stormy altar of Qazlal.
 14695 | D:10     | Reached skill level 9 in Transmutations
 14764 | D:10     | Received a gift from Nemelex Xobeh
 15427 | D:10     | Reached skill level 10 in Transmutations
 15427 | D:10     | Reached XP level 11. HP: 49/91 MP: 11/14
 15635 | D:9      | Killed a two-headed ogre
 15816 | D:10     | Reached skill level 10 in Unarmed Combat
 16072 | D:10     | Received a gift from Nemelex Xobeh
 16079 | D:10     | Found a staircase to the Lair.
 16614 | Lair:1   | Entered Level 1 of the Lair of Beasts
 16620 | Lair:1   | Learned a level 2 spell: Passwall
 16657 | Lair:1   | Reached skill level 11 in Transmutations
 17549 | Lair:1   | Reached **** piety under Nemelex Xobeh
 18254 | Lair:1   | Received a gift from Nemelex Xobeh
 18533 | D:4      | Killed wingedge's ghost
 18534 | D:4      | Reached skill level 12 in Transmutations
 18914 | Lair:2   | q
 19023 | Lair:2   | Noticed a death yak
 19173 | Lair:2   | Found a hole to the Spider Nest.
 19229 | Lair:2   | Reached skill level 1 in Ice Magic
 19231 | Lair:2   | Reached XP level 12. HP: 40/97 MP: 12/15
 19461 | Lair:2   | Learned a level 4 spell: Ice Form
 19962 | Lair:2   | Noticed a death yak
 20025 | Lair:2   | Noticed a death yak
 20116 | Lair:2   | Noticed a death yak
 20275 | Lair:2   | Received a gift from Nemelex Xobeh
 20695 | Lair:3   | Reached skill level 13 in Transmutations
 21121 | Lair:3   | Found an iron altar of Okawaru.
 21189 | Lair:3   | Found a staircase to the Shoals.
 21331 | Lair:3   | Noticed Kirke
 21343 | Lair:3   | Noticed a sphinx
 21352 | Lair:3   | Killed Kirke
 22341 | Lair:2   | Reached ***** piety under Nemelex Xobeh
 22438 | Lair:2   | Received a gift from Nemelex Xobeh
 22913 | D:2      | Bought a book of Iron for 432 gold pieces
 23494 | D:11     | Found Feger Itih's Assorted Antiques.
 23601 | D:11     | Learned a level 5 spell: Blade Hands
 23789 | D:11     | Noticed Sonja
 23991 | D:11     | You fall into a shaft and drop 1 floor!
 23991 | D:12     | Found a radiant altar of Vehumet.
 24474 | D:11     | Received a gift from Nemelex Xobeh
 24504 | D:11     | Noticed Erica
 24511 | D:11     | Killed Erica
 24603 | D:11     | Paralysed by Sonja for 2 turns
 24619 | D:11     | Killed Sonja
 24620 | D:11     | Reached XP level 13. HP: 18/107 MP: 4/19
 25459 | D:12     | Reached skill level 10 in Dodging
 25741 | D:12     | Identified the +0 mace of Efep {holy, Will+ Str-3 Dex+4}
 25770 | D:12     | Found a staircase to the Orcish Mines.
 26090 | Orc:1    | Entered Level 1 of the Orcish Mines
 26095 | Orc:1    | Noticed an orc warlord
 26341 | D:12     | HP: 5/108 [troll[an orc warlord] (6)]
 26341 | D:12     | Slain by an orc warlord

Illustrated notes

▒ ▒..▒ P.
▒..▒▒ ▒..
▒... ▒...
▒..▒
▒....▒▒..▒
▒........▒▒
▒▒▒.+▒▒.
